 Dungeon Crawl Stone Soup version 0.30-a0-737-gf23d94013f (webtiles) character file.

Game seed: 6517509066561757951

30 ragingrage the Scratcher (level 3, 0/15 HPs)
             Began as a Felid Transmuter on Feb 2, 2023.
             Slain by an adder (1 damage)
             ... on level 1 of the Dungeon.
             The game lasted 00:01:45 (1298 turns).

ragingrage the Scratcher (Felid Transmuter)         Turns: 1298, Time: 00:01:45

Health: 0/15       AC:  1    Str:  8    XL:     3   Next: 5%
Magic:  6/7        EV: 14    Int: 14    God:
Gold:   71         SH:  0    Dex: 16    Spells: 0/6 levels left
                                        Lives:  0   Deaths: 0

rFire   . . .      SeeInvis +      - Unarmed
rCold   . . .      Faith    .    (shield unavailable)
rNeg    . . .      Spirit   .    (body armour unavailable)
rPois   .          Reflect  .    (helmet unavailable)
rElec   .          Harm     .    (cloak unavailable)
rCorr   .          Rampage  .    (gloves unavailable)
Will    .....                    (boots unavailable)
Stlth   ++                       (no amulet)
HPRegen 0.22/turn                (no ring)
MPRegen 0.10/turn                (no ring)

@: appendages, constricted, quick
A: horns 2, very small, claws 1, fangs 3, see invisible, speed 1, shaggy fur 1,
stealthy paws, no weapons or thrown items, no armour, multi-lived
a: End Transformation


You were on level 1 of the Dungeon.
You had temporarily grown beastly horns.
You visited 1 branch of the dungeon, and saw 2 of its levels.

You collected 71 gold pieces.

Inventory:

Scrolls
 b - 2 scrolls of acquirement {unknown}
 c - a scroll of fog {unknown}
Potions
 a - a potion of lignification
 d - a potion of curing {unknown}
 e - a potion of haste {unknown}
 f - a potion of resistance {unknown}


   Skills:
 - Level 1.0 Fighting
 - Level 2.6 Dodging
 + Level 1.3 Stealth
 * Level 3.7 Unarmed Combat
 - Level 2.0 Spellcasting
 + Level 2.7 Transmutations


You couldn't memorise any spells.
You knew the following spells:

 Your Spells              Type           Power      Damage    Failure   Level
a - Beastly Appendage     Tmut           18%        N/A       8%          1
b - Wereblood             Tmut           9%         N/A       12%         2
c - Spider Form           Tmut/Pois      5%         N/A       38%         3

Your spell library contained the following spells:

 Spells                   Type           Power      Damage    Failure   Level
 Ice Form                 Ice/Tmut       5%         N/A       80%         4


Dungeon Overview and Level Annotations

Branches:
Dungeon (2/15)

Altars:

Shops:
D:1 (


Innate Abilities, Weirdness & Mutations

You have temporarily grown beastly horns.
You have sharp claws.
You have razor-sharp teeth.
You have supernaturally acute eyesight. (SInv)
You cover ground quickly. (Speed+)
You are covered in fur. (AC +1)
Your paws help you pounce on unaware monsters.
You are incapable of wielding weapons or throwing items.
You cannot wear armour.
You gain extra lives every three experience levels.


Message History

The ball python constricts you.
You escape the ball python's grasp.
The adder barely misses you.
The hobgoblin hits you but does no damage.
You climb upwards.
There is a stone staircase leading down here.
Casting: Wereblood (safe; 12% risk of failure)
Confirm with . or Enter, or press ? or * to list all spells.
You grow a pair of large bovine horns.
The ball python barely misses you. The ball python closely misses you.
The adder closely misses you. The ball python closely misses you.
The ball python grabs you. The ball python constricts you.
You scratch the adder.
The adder is lightly wounded.
The adder barely misses you. The ball python barely misses you.
The ball python constricts you. The adder bites you.
You miss the adder. Your bite misses the adder.
The adder is lightly wounded.
The adder closely misses you. The ball python bites you.
The ball python constricts you.
You scratch the adder.
The adder is heavily wounded.
The adder completely misses you. The ball python bites you.
The ball python constricts you.
You scratch the adder.
The adder is severely wounded.
The adder closely misses you. The ball python closely misses you.
The ball python constricts you.
You barely miss the adder. Your headbutt misses the adder.
The adder is severely wounded.
The adder bites you.
* * * LOW HITPOINT WARNING * * *
The ball python bites you but does no damage.
The ball python constricts you.
* * * LOW HITPOINT WARNING * * *
The adder barely misses you.
You scratch the adder but do no damage.
The adder is severely wounded.
The ball python closely misses you. The ball python constricts you.
The adder bites you.
You die...

.# #.# #.# .# #.#
#.### .# #.# #...#
.# ##.### #...# .#
#....# #...# .#
#....# #...# .#
#....# #.###
.########....#####
#†#
..............gS@#
#.#
.###############S#
#.# ## ### #.# #.#
####.# #.# #.#
#....## #.# #.####
......## #.#
#....# ....#..#
#.# #....#
...###.### #.#
#..†.#
≈~...##..### #.#
#.####


You could see an adder, a hobgoblin and a ball python.

Vanquished Creatures
  3 ball pythons (D:1)
  3 endoplasms (D:1)
  A giant cockroach (D:1)
  5 goblins (D:1)
  4 hobgoblins (D:1)
  A kobold (D:1)
  A quokka (D:1)
  4 bats (D:1)
  2 frilled lizards (D:1)
  3 rats (D:1)
27 creatures vanquished.

Notes
Turn   | Place    | Note
-------+----------+-------------------------------------------
     0 | D:1      | ragingrage the Felid Transmuter began the quest for the
                  | Orb.
     0 | D:1      | Reached XP level 1. HP: 9/9 MP: 4/4
   370 | D:1      | Reached XP level 2. HP: 12/12 MP: 4/6
   373 | D:1      | Learned a level 2 spell: Wereblood
   418 | D:1      | Found Romuseuh's Weapon Shop.
   625 | D:1      | Reached skill level 1 in Stealth
  1047 | D:1      | Reached XP level 3. HP: 15/15 MP: 3/7
  1175 | D:1      | Learned a level 3 spell: Spider Form
  1298 | D:1      | Slain by an adder

Illustrated notes

Levels and vault maps discovered:
D:1:      dpeg_arrival_subterranean_lakeside_camping, layout_basic,
          serial_shops, nicolae_shop_waterfront
D:2:      layout_loops_cross, uniq_robin, uniq_crazy_yiuf_cottage

Skill      XL: |  1  2 |
---------------+-------+-----
Stealth        | 1 |  1.3
Fighting       | |  1.0
Dodging        | |  2.6
Unarmed Combat | |  3.7
Spellcasting   | |  2.0
Transmutations | |  2.7

Action                     || total
---------------------------++-------
  Melee: Unarmed           ||    71
         Headbutt          ||     5
         Bite              ||     5
         Punch             ||     1
   Cast: Beastly Appendage ||    21
         Wereblood         ||     9
   Stab: Sleeping          ||     2
 Armour: Skin              ||     8
  Dodge: Dodged            ||    62

Table legend: (Time is in decaauts)
 A = Elapsed time spent in this place.
 B = Non-inter-level travel time spent in this place.
 C = Inter-level travel time spent in this place.
 D = Time resting spent in this place.
 E = Time spent auto-exploring this place.
 F = Levels seen in this place.
 G = Mean time per level.
                   A        B        C        D        E       F      G
               +--------+--------+--------+--------+--------+-----+--------+
         Total |   1157 |   1136 |     21 |    210 |    714 |   2 |  578.5 |
       Dungeon |   1157 |   1136 |     21 |    210 |    714 |   2 |  578.5 |
               +--------+--------+--------+--------+--------+-----+--------+

Top non-repeatable levels by time:
     D:1: 1155 daAuts
     D:2: 2 daAuts
